 Dungeon Crawl Stone Soup version 0.30-a0-159-g068b764562 (webtiles) character file.

Game seed: 269249835687114470

261 qw the Chopper (level 6, 0/38 HPs)
             Began as a Gargoyle Fighter on Sept 27, 2022.
             Killed by divine providence
             ... invoked by an orc priest
              (12 damage)
             ... on level 7 of the Dungeon.
             The game lasted 00:00:57 (3157 turns).

qw the Chopper (Gargoyle Fighter)                   Turns: 3157, Time: 00:00:58

Health: 0/38       AC: 15    Str: 22    XL:     6   Next: 18%
Magic:  6/6        EV:  7    Int:  8    God:
Gold:   133        SH:  4    Dex:  9    Spells: 5/5 levels left

rFire   . . .      SeeInvis .    Y - +0 war axe
rCold   . . .      Faith    .    c - +0 buckler
rNeg    + . .      Spirit   .    f - +0 chain mail
rPois   inf        Reflect  .    (no helmet)
rElec   +          Harm     .    a - +0 cloak
rCorr   .          Rampage  .    (no gloves)
Will    .....                    h - +0 pair of boots
Stlth   ..........               p - amulet of regeneration
HPRegen 0.92/turn                (no ring)
MPRegen 0.10/turn                (no ring)

@: no status effects
A: sickness immunity, AC +4, negative energy resistance 1, electricity
resistance, torment resistance 1, petrification resistance
a: no special abilities


You were on level 7 of the Dungeon.
You visited 1 branch of the dungeon, and saw 5 of its levels.

You collected 133 gold pieces.


Innate Abilities, Weirdness & Mutations

You are immune to sickness and miasma.
Your stone body is resilient. (AC +4)
You are immune to poison.
You resist negative energy. (rN+)
You are resistant to electric shocks. (rElec)
You are resistant to unholy torment.
You are immune to petrification.


   Skills:
 + Level 3.8 Fighting
 - Level 5.5 Axes
 - Level 3.2 Armour
 - Level 3.2 Shields


You had 5 spell levels left.
You didn't know any spells.
Your spell library was empty.

Inventory:

Hand Weapons
 g - a +0 mace
 Y - a +0 war axe (weapon)
Armour
 a - a +0 cloak (worn)
 c - a +0 buckler (worn)
 f - a +0 chain mail (worn)
 h - a +0 pair of boots (worn)
Jewellery
 p - an amulet of regeneration (around neck)
Scrolls
 i - 3 scrolls of identify
Potions
 d - 2 potions of might
 m - a potion of lignification
 r - a potion of haste {unknown}

Dungeon Overview and Level Annotations

Branches:
Dungeon (4/15)
 Temple: D:4-7

Altars:
Elyvilon
Fedhas
Gozag
Hepliaklqana
Zin


Message History

An orc comes into view. It is wielding a +0 short sword.
The orc shouts!
An orc priest comes into view. It is wielding a +0 hand axe.
An orc comes into view.
It is wielding a +2 short sword of venom.
The orc hits you but does no damage.
You closely miss the orc. The orc hits you but does no damage.
You hit the orc.
The orc is heavily wounded.
The orc barely misses you.
You barely miss the orc.
The orc is heavily wounded.
The orc hits you but does no damage.
You barely miss the orc.
The orc is heavily wounded.
The orc hits you but does no damage.
The orc priest looks encouraged for a moment.
The orc hits you but does no damage.
You slash the orc!
You kill the orc!
The orc priest begins to cast a cantrip, but forgets the words!
You closely miss the orc. You block the orc's attack.
You closely miss the orc. The orc hits you but does no damage.
You block the orc's attack.
You barely miss the orc. The orc hits you but does no damage.
You slash the orc!
You kill the orc!
You hit the orc priest but do no damage.
The orc priest mumbles some strange prayers to Beogh against you.
Beogh smites you!
You barely miss the orc priest.
The orc priest hits you with a +0 dagger.
The orc priest calls down the wrath of Beogh upon you.
Beogh smites you! The orc priest closely misses you.
You closely miss the orc priest.
The orc priest mumbles some strange prayers to Beogh against you.
Beogh smites you!
You die...

##################
#######.........@ooo....
........#############.##
#########


You could see 2 orc priests and an orc.

Vanquished Creatures
  Sigmund (D:3)
  2 adders
  3 worms (D:2)
  2 dart slugs
  2 orcs (D:7)
  3 endoplasms
  5 giant cockroaches
  6 goblins
  4 hobgoblins
  5 jackals
  2 kobolds
  3 quokkas
  4 ball pythons (D:3)
  4 bats
  6 frilled lizards
  5 rats
57 creatures vanquished.

Notes
Turn   | Place    | Note
-------+----------+-------------------------------------------
     0 | D:1      | qw the Gargoyle Fighter began the quest for the Orb.
     0 | D:1      | Reached XP level 1. HP: 14/14 MP: 1/1
     0 | D:1      | 0 ||| qw: Version: 0.2-a-10-g37ed214
     0 | D:1      | 0 ||| qw: Game counter: 566
     0 | D:1      | 0 ||| qw: Always use a shield: true
     0 | D:1      | 0 ||| qw: God list: Okawaru
     0 | D:1      | 0 ||| qw: Allow faded altars: false
     0 | D:1      | 0 ||| qw: Do Orc after D:15 true
     0 | D:1      | 0 ||| qw: Do second Lair branch before Depths: true
     0 | D:1      | 0 ||| qw: Lair rune preference: random
     0 | D:1      | 0 ||| qw: Plans: Normal, Zot:1-4, God:TSO, Crypt, Tomb,
                  | Pan, Slime:5, Hells, Abyss, Orb
     0 | D:1      | 0 ||| PLANNING D:1-11
    89 | D:1      | Reached skill level 2 in Axes
   402 | D:1      | Reached XP level 2. HP: 19/19 MP: 2/2
  1008 | D:1      | 1008 ||| DROPPING ring of wizardry.
  1009 | D:1      | 1009 ||| READING scroll labelled XUREQIY GUME.
  1010 | D:1      | 1010 ||| READING scroll labelled KEUCEA DUETWAGG.
  1011 | D:1      | 1011 ||| READING scroll labelled JINUM CABRELEO.
  1012 | D:1      | 1012 ||| READING scroll labelled KUSHOU JUESAB.
  1013 | D:1      | 1013 ||| READING scroll labelled DACLERCH NEGG.
  1337 | D:2      | Reached skill level 3 in Axes
  1345 | D:2      | Reached XP level 3. HP: 21/23 MP: 3/3
  1566 | D:2      | 1566 ||| Stepping ~*~*~tactically~*~*~ (stealth).
  2057 | D:2      | 2057 ||| UPGRADING to +0 cloak.
  2062 | D:2      | 2062 ||| UPGRADING to +0 pair of boots.
  2067 | D:2      | 2067 ||| DROPPING scarf of invisibility.
  2068 | D:2      | 2068 ||| DROPPING amulet of magic regeneration.
  2069 | D:2      | 2069 ||| UPGRADING to amulet of regeneration.
  2074 | D:2      | 2074 ||| READING scroll labelled ZOKKIHAISY.
  2075 | D:2      | 2075 ||| READING 4 scrolls labelled HACSAPEVEU.
  2076 | D:2      | 2076 ||| READING scroll labelled YLAEL ZAAF.
  2081 | D:2      | 2081 ||| READING scroll labelled VETAOPRISSA.
  2082 | D:2      | 2082 ||| DRINKING 2 clear potions.
  2083 | D:2      | 2083 ||| READING 3 scrolls of identify.
  2083 | D:2      | 2083 ||| IDENTIFYING brown potion
  2084 | D:2      | 2084 ||| READING 2 scrolls of identify.
  2084 | D:2      | 2084 ||| IDENTIFYING glowing clear potion
  2085 | D:2      | 2085 ||| DROPPING potion of flight.
  2086 | D:2      | 2086 ||| DROPPING potion of magic.
  2189 | D:3      | 2189 ||| Stepping ~*~*~tactically~*~*~ (stealth).
  2200 | D:3      | Noticed Sigmund
  2205 | D:3      | 2205 ||| DRINKING potion of curing.
  2205 | D:3      | 2205 ||| (to cure confusion)
  2220 | D:3      | Killed Sigmund
  2221 | D:3      | Reached skill level 5 in Axes
  2221 | D:3      | Reached XP level 4. HP: 28/28 MP: 4/4
  2221 | D:3      | Reached XP level 5. HP: 32/32 MP: 5/5
  2222 | D:3      | Reached XP level 6. HP: 37/37 MP: 6/6
  2240 | D:3      | Found a white marble altar of Elyvilon.
  2241 | D:3      | Found a hazy altar of Hepliaklqana.
  2241 | D:3      | Found an opulent altar of Gozag.
  2242 | D:3      | Found a blossoming altar of Fedhas.
  2850 | D:3      | Found a glowing silver altar of Zin.
  2855 | D:3      | 2855 ||| UPGRADING to +0 chain mail.
  2865 | D:3      | 2865 ||| DROPPING +0 scale mail.
  2866 | D:3      | 2866 ||| READING scroll labelled SOHOME OMONO.
  2867 | D:3      | 2867 ||| DRINKING 2 yellow potions.
  2915 | D:3      | 2915 ||| READING 2 scrolls of identify.
  2915 | D:3      | 2915 ||| IDENTIFYING purple potion
  2916 | D:3      | 2916 ||| DROPPING potion of ambrosia.
  3005 | D:4      | 3005 ||| Stepping ~*~*~tactically~*~*~ (stealth).
  3007 | D:4      | 3007 ||| Stepping ~*~*~tactically~*~*~ (stealth).
  3010 | D:4      | 3010 ||| Stepping ~*~*~tactically~*~*~ (stealth).
  3011 | D:4      | 3011 ||| Stepping ~*~*~tactically~*~*~ (stealth).
  3117 | D:4      | You fall into a shaft and drop 3 floors!
  3157 | D:7      | Killed from afar by an orc priest

Levels and vault maps discovered:
D:1:      dpeg_arrival_court, layout_basic
D:2:      layout_loops_ring, minmay_tall_x
D:3:      layout_basic, zin_scriptorium,
          chequers_temple_overflow_statue_of_worship, uniq_sigmund
D:4:      layout_rooms, minmay_manual_mail, uniq_crazy_yiuf_cottage
D:7:      layout_loops_ring, nzn_wu_jian_contemplation, supply_closet_lemuel

Skill      XL: |  1  2  3 |
---------------+----------+-----
Axes           | 2 3 5 |  5.5
Fighting       | |  3.8
Armour         | |  3.2
Shields        | |  3.2

Action                   |  1- 3 |  4- 6 || total
-------------------------+-------+-------++-------
Melee: War axe           |   114 |    53 ||   167
  Use: Scroll            |    11 |     2 ||    13
       Potion            |     2 |     1 ||     3
Armor: Scale mail        |    54 |     9 ||    63
       Chain mail        |       |    16 ||    16
Dodge: Dodged            |    64 |    16 ||    80
Block: Buckler           |    19 |     6 ||    25

Table legend:
 A = Non-vault XP
 B = Vault XP
 C = Vault XP percentage of total XP
 D = Non-vault monster count
 E = Vault monster count
 F = Vault count percentage of total count
                 A         B        C        D         E       F
            +---------+---------+-------+---------+---------+-------
      Total |     117 |     256 |  68.6 |      52 |       5 |   8.8
            +---------+---------+-------+---------+---------+-------
        D:1 |      17 |       0 |   0.0 |      10 |       0 |   0.0
        D:2 |      30 |      13 |  30.2 |      15 |       4 |  21.1
        D:3 |      42 |     243 |  85.3 |      19 |       1 |   5.0
        D:4 |      22 |       0 |   0.0 |       6 |       0 |   0.0
        D:7 |       6 |       0 |   0.0 |       2 |       0 |   0.0
            +---------+---------+-------+---------+---------+-------
